Map: Jagannatha LE

Players

soul

  • Race: Terran Terran
  • League: Grandmaster
  • Spawn Location: 1:00

Geralt (Gerald) - Winner!

  • Race: Protoss Protoss
  • League: Grandmaster
  • Spawn Location: 7:00

Event: DreamHack SC2 Masters 2020 Winter

VOD

Have the link to the VOD?

Description

Time

  • Played on: Nov. 4, 2020, 2:20 p.m.
  • Length: 11:06

All games in this series

Show
View Real Time Build Order
Export as new Build Order

soul Terran 

Build Orders: Reaper Expand 

Get SALT Encoding   

  12  0:00  SCV  
  13  0:12  SCV  
  14  0:17  Supply Depot  
  14  0:24  SCV  
  15  0:38  SCV  
  15  0:39  Barracks  
  16  0:44  Refinery  
  16  0:50  SCV  
  17  1:02  SCV  
  18  1:15  SCV  
  19  1:26  Reaper  
  19  1:27  Orbital Command  
  20  1:41  Command Center  
  20  1:55  SCV  
  20  1:57  Supply Depot  
  20  1:58  Marine  
  22  2:08  Factory, SCV  
  23  2:13  Bunker  
  23  2:19  Refinery  
  23  2:21  Barracks Reactor  
  23  2:25  SCV  
  25  2:37  SCV  
  25  2:49  SCV  
  26  2:55  Starport  
  26  2:57  Hellion  
  26  2:58  Marine x2  
  28  3:03  Orbital Command  
  28  3:05  SCV  
  31  3:09  Orbital Command  
  30  3:16  Marine x2  
  30  3:17  SCV  
  30  3:18  Factory Tech Lab  
  33  3:29  SCV  
  33  3:32  Viking  
  33  3:34  Marine x2  
  36  3:35  SCV  
  36  3:41  SCV, Supply Depot  
  40  3:47  Cyclone  
  40  3:48  SCV  
  44  3:53  SCV  
  43  4:00  SCV, Marine  
  42  4:05  SCV  
  40  4:12  SCV, Viking  
  40  4:16  Marine  
  44  4:17  SCV  
  44  4:22  Supply Depot  
  45  4:24  SCV  
  45  4:28  Cyclone  
  45  4:29  SCV  
  45  4:31  Supply Depot  
  50  4:33  Marine  
  50  4:36  Marine, SCV  
  53  4:41  SCV  
  54  4:46  Viking  
  54  4:49  SCV  
  56  4:53  SCV  
  57  5:00  Cyclone  
  61  5:07  SCV x2  
  61  5:08  Command Center  
  62  5:16  Supply Depot, Marine  
  62  5:19  SCV x2  
  62  5:21  Starport Tech Lab  
  65  5:25  Armory  
  65  5:29  Barracks  
  65  5:31  SCV  
  65  5:32  Marine  
  65  5:34  SCV, Marine  
  69  5:38  Supply Depot  
  69  5:39  Supply Depot  
  69  5:44  SCV  
  69  5:47  SCV  
  71  5:50  Marine  
  71  5:52  Starport Reactor  
  71  5:56  SCV, Siege Tank  
  76  5:57  Marine  
  76  5:59  SCV  
  78  6:08  Marine, SCV  
  77  6:15  SCV  
  74  6:20  Refinery, Drilling Claws  
  74  6:24  SCV, Orbital Command  
  75  6:26  Marine, Stimpack  
  75  6:27  Barracks  
  75  6:28  Barracks  
  75  6:30  Marine  
  75  6:31  SCV  
  78  6:36  SCV  
  78  6:38  Marine  
  72  6:40  Siege Tank  
  72  6:43  SCV  
  72  6:44  Marine  
  66  6:48  SCV, Marine  
  66  6:49  Barracks  
  66  6:52  Refinery  
  66  6:56  Marine  
  66  6:59  Medivac  
  66  7:00  Supply Depot  
  66  7:01  Supply Depot  
  69  7:02  Medivac  
  69  7:03  Marauder  
  69  7:04  SCV  
  69  7:06  Marine  
  75  7:12  Engineering Bay x2  
  75  7:16  Barracks Tech Lab  
  75  7:18  Widow Mine  
  75  7:20  Barracks Reactor  
  77  7:24  Marauder  
  77  7:29  Marine  
  80  7:32  Supply Depot  
  80  7:35  Supply Depot  
  80  7:38  Barracks Tech Lab, Combat Shield  
  80  7:45  Marauder  
  80  7:48  Barracks Reactor  
  80  7:50  SCV x2  
  85  7:53  Marauder, Supply Depot  
  85  7:56  Medivac x2  
  85  7:57  Supply Depot  
  93  7:58  Widow Mine  
  93  8:02  Widow Mine  
  93  8:04  Marine, Marauder  
  97  8:07  Marauder  
  97  8:09  Orbital Command  
  97  8:10  Marine  
  97  8:12  SCV x2  
  102  8:13  Marine  
  105  8:20  Widow Mine  
  105  8:22  Marine  
  105  8:24  Widow Mine, SCV x2  
  105  8:26  Marauder, Medivac  
  110  8:27  Bunker  
  110  8:28  Marauder  
  110  8:29  Supply Depot  
  110  8:33  Marine, Marauder  
  113  8:35  Medivac  
  113  8:36  SCV x3  
  120  8:41  Widow Mine  
  120  8:45  Widow Mine  
  120  8:48  SCV  
  123  8:49  SCV x2, Missile Turret  
  123  8:50  Missile Turret  
  123  8:53  Missile Turret  
  125  8:59  Marine  
  125  9:00  Marauder x2, SCV  
  125  9:01  SCV x2  
  135  9:02  Widow Mine  
  135  9:04  Refinery  
  135  9:06  Widow Mine  
  135  9:07  Supply Depot  
  137  9:12  SCV, Marine  
  137  9:13  Marauder, Supply Depot, SCV x2  
  145  9:24  Widow Mine  
  145  9:26  Marauder, Refinery, Marine  
  145  9:31  Command Center  
  148  9:32  Ghost Academy  
  149  9:38  SCV, Sensor Tower  
  149  9:44  Widow Mine, Marine, Marauder  
  146  9:46  Marine  
  146  9:48  Medivac  
  146  9:52  Supply Depot x2  
  151  9:55  Widow Mine, SCV  
  155  10:00  SCV  
  155  10:04  SCV  
  155  10:05  Widow Mine  
  154  10:07  SCV, Ghost x2  
  154  10:08  Marine x2, Ghost  
  161  10:15  Supply Depot  
  161  10:17  Marine  
  161  10:18  Supply Depot  
  162  10:21  Medivac x2  
  166  10:28  Widow Mine  
  143  10:36  Marine  
  143  10:37  Marauder x2, Marine  
  143  10:38  Marine  
  143  10:39  Marauder  
  143  10:40  Marine  
Show
View Real Time Build Order
Export as new Build Order

Geralt Protoss - Winner!

Build Orders: 1 Gate Expand, Oracle Opening 

Get SALT Encoding   

  12  0:00  Probe  
  13  0:12  Probe  
  14  0:17  Pylon  
  14  0:24  Probe (Chrono Boost)  
  16  0:37  Gateway, Probe (Chrono Boost)  
  16  0:42  Probe (Chrono Boost)  
  16  0:46  Assimilator  
  17  0:53  Probe  
  18  1:06  Probe  
  20  1:18  Probe  
  20  1:24  Cybernetics Core  
  20  1:30  Probe  
  21  1:37  Nexus  
  21  1:43  Pylon  
  21  1:46  Probe  
  22  1:56  Assimilator  
  22  1:58  Probe  
  22  2:00  Adept (Chrono Boost)  
  25  2:10  Probe  
  25  2:15  Pylon  
  26  2:20  Adept (Chrono Boost)  
  29  2:30  Probe  
  29  2:33  Stargate  
  29  2:38  Warp Gate  
  29  2:42  Probe  
  29  2:43  Adept  
  32  2:58  Probe x2  
  34  3:10  Probe x2  
  36  3:13  Oracle (Chrono Boost)  
  39  3:20  Stalker  
  39  3:22  Probe x2  
  39  3:24  Assimilator  
  43  3:34  Gateway, Probe x2  
  43  3:41  Gateway  
  45  3:46  Probe  
  45  3:47  Probe  
  47  3:58  Probe  
  47  3:59  Probe  
  45  4:10  Probe  
  45  4:11  Probe  
  45  4:12  Twilight Council  
  44  4:23  Probe x2  
  46  4:25  Shield Battery  
  46  4:26  Stalker, Pylon  
  48  4:34  Stalker  
  48  4:35  Probe x2  
  52  4:41  Stalker  
  54  4:47  Probe x2  
  54  4:48  Blink (Chrono Boost)  
  56  4:59  Probe  
  55  5:01  Probe  
  55  5:02  Nexus  
  55  5:04  Pylon  
  54  5:11  Gateway x2  
  54  5:15  Stalker  
  54  5:21  Stalker, Oracle (Chrono Boost)  
  61  5:32  Stalker  
  61  5:33  Probe x2  
  65  5:37  Forge  
  65  5:42  Pylon  
  65  5:45  Probe x2  
  66  5:52  Stalker, Pylon  
  68  5:57  Probe  
  69  6:07  Nexus  
  69  6:08  Pylon  
  69  6:16  Stalker x4  
  77  6:19  Protoss Ground Weapons Level 1 (Chrono Boost)  
  77  6:21  Pylon  
  77  6:26  Probe  
  77  6:27  Pylon  
  77  6:28  Charge (Chrono Boost)  
  74  6:44  Probe  
  74  6:46  Probe  
  70  6:52  Stalker x5  
  80  6:56  Probe  
  80  6:58  Gateway x2  
  80  7:00  Probe  
  82  7:04  Gateway  
  82  7:11  Probe  
  82  7:13  Templar Archives  
  83  7:16  Robotics Facility  
  83  7:19  Probe x2  
  85  7:24  Shield Battery, Probe  
  88  7:40  Probe  
  88  7:42  Psionic Storm  
  88  7:44  Assimilator  
  87  7:45  Probe  
  87  7:46  Photon Cannon  
  87  7:49  Photon Cannon  
  87  7:50  Photon Cannon  
  88  7:57  Nexus  
  88  7:59  Pylon  
  88  8:03  High Templar, Pylon, Zealot x2  
  88  8:04  Zealot  
  96  8:14  Zealot x4  
  96  8:15  Observer  
  103  8:28  Zealot x2  
  103  8:32  Protoss Ground Armor Level 1 (Chrono Boost)  
  107  8:34  Stalker  
  107  8:35  Stalker x2  
  107  8:37  Warp Prism  
  107  8:40  Phoenix (Chrono Boost)  
  115  8:48  Probe x2  
  119  8:53  Probe  
  120  9:00  Probe x2  
  120  9:02  Zealot x3  
  128  9:03  High Templar  
  128  9:05  Probe  
  128  9:09  Photon Cannon  
  131  9:12  Probe  
  131  9:13  Pylon  
  132  9:17  High Templar, Zealot x3  
  132  9:20  Probe  
  132  9:21  Probe  
  142  9:27  Zealot x3  
  148  9:31  Assimilator  
  148  9:34  Assimilator  
  148  9:39  Zealot x4  
  152  9:50  Probe  
  151  9:52  Pylon  
  151  9:54  Pylon  
  145  10:00  Probe x3  
  145  10:02  Probe  
  149  10:07  Zealot x3  
  149  10:12  Probe  
  149  10:13  Probe  
  157  10:22  Immortal  
  143  10:37  Zealot x6  
  143  10:38  Zealot x2  
  143  10:40  Archon  
  123  10:59  Zealot x8  
Tags
 
Add a new tag
Caveats
  • Supply blocks, unpowered buildings, or Contaminate may cause inaccurate times.
  • Supply counts are checked every 10 seconds.